PAA
NORTHVILLE ECLIPSE @ PHOENIX HOTSPUR YOUTH
09/04/2031
 
TOP OF THE 1ST
Northville Eclipse batting - Pitching for Phoenix Hotspur Youth : RHP Masahiro Sakei
Pitching: RHP Masahiro Sakei
Batting: RHB Alfonso Grappasonni 0-0: Reached on error, E6 (Groundball, 6)
Batting: LHB Lonnie Murray 0-0: Called Strike
0-1: Called Strike
0-2: Ball
1-2: Foul Ball, location: 2F
1-2: Foul Ball, location: 2F
1-2: Ball
2-2: Foul Ball, location: 2F
2-2: DOUBLE (Flyball, 8LD)
Alfonso Grappasonni scores
Batting: SHB Quentin Harrop 0-0: Swinging Strike
0-1: Ball
1-1: Foul Ball, location: 2F
1-2: Strikes out looking
Batting: LHB Arturo Gonzáles 0-0: Called Strike
0-1: Ball
1-1: DOUBLE (Line Drive, 8LD)
Lonnie Murray scores
Batting: LHB Kade Eagleton 0-0: Called Strike
0-1: Foul Ball, location: 2F
0-2: SINGLE (Line Drive, 4D)
Arturo Gonzáles to third
Batting: RHB Chang-lit Min 0-0: Ball
1-0: Ball
2-0: Ball
3-0: Called Strike
3-1: Ground out U3 (Groundball, 34S)
Arturo Gonzáles scores
Kade Eagleton to second
Batting: RHB Wallace Bane 0-0: Called Strike
0-1: Foul Ball, location: 2F
0-2: Ball
1-2: Strikes out swinging
Top of the 1st over - 3 runs, 3 hits, 1 error, 1 left on base; Northville 3 - Phoenix Hotspur 0
BOTTOM OF THE 1ST
Phoenix Hotspur Youth batting - Pitching for Northville Eclipse : RHP Rizaldo Manansala
Pitching: RHP Rizaldo Manansala
Batting: RHB Juan Negrete 0-0: Ball
1-0: Fly out, F7 (Flyball, 78M)
Batting: LHB Damian Alldred 0-0: Called Strike
0-1: Ball
1-1: Swinging Strike
1-2: Strikes out looking
Batting: RHB Sinfronio Vitor 0-0: Ball
1-0: Called Strike
1-1: SINGLE (Flyball, 8RS)
Batting: RHB Braylen Sampson 0-0: Called Strike
Sinfronio Vitor steals 2nd base
0-1: Ball
1-1: Fly out, F7 (Flyball, 7)
Bottom of the 1st over - 0 runs, 1 hit, 0 errors, 1 left on base; Northville 3 - Phoenix Hotspur 0
TOP OF THE 2ND
Northville Eclipse batting - Pitching for Phoenix Hotspur Youth : RHP Masahiro Sakei
Batting: LHB Marvello Obra 0-0: Ball
1-0: Ball
2-0: Foul Ball, location: 2F
2-1: Ball
3-1: Called Strike
3-2: Foul Ball, location: 2F
3-2: Base on Balls
Batting: RHB Sidney Mackell 0-0: Swinging Strike
0-1: Fly out, F9 (Flyball, 9LS)
Batting: RHB Alfonso Grappasonni 0-0: Called Strike
0-1: Foul Ball, location: 2F
0-2: Strikes out swinging
Batting: LHB Lonnie Murray 0-0: Foul Ball, location: 2F
0-1: Ball
1-1: Called Strike
1-2: Ball
2-2: Ground out 5-3 (Groundball, 56S)
Top of the 2nd over - 0 runs, 0 hits, 0 errors, 1 left on base; Northville 3 - Phoenix Hotspur 0
BOTTOM OF THE 2ND
Phoenix Hotspur Youth batting - Pitching for Northville Eclipse : RHP Rizaldo Manansala
Batting: LHB Tyler Kinjeketile 0-0: Ball
1-0: Ball
2-0: Foul Ball, location: 2F
2-1: Ball
3-1: Base on Balls
Batting: LHB António Escalante 0-0: Ball
1-0: Foul Ball, location: 2F
1-1: Ball
2-1: Ball
3-1: Base on Balls
Tyler Kinjeketile to second
Batting: RHB José Souza 0-0: Called Strike
0-1: Ball
1-1: Foul Ball, location: 2F
1-2: Strikes out looking
Batting: RHB Bill Poole 0-0: Ball
1-0: Ball
2-0: Ball
3-0: Base on Balls
Tyler Kinjeketile to third
António Escalante to second
Batting: LHB Joseph Antoine 0-0: Foul Ball, location: 2F
0-1: Ball
1-1: Ball
2-1: Ball
3-1: SINGLE (Groundball, 6MD)
Tyler Kinjeketile scores
António Escalante to third
Bill Poole to second
Runner from 3rd tries for Home, SAFE, no throw
Batting: RHB Juan Negrete 0-0: Fielders Choice at 2nd, 3-6 (Groundball, 34)
Bill Poole to third
Batting: LHB Damian Alldred 0-0: Foul Ball, location: 2F
0-1: Ball
1-1: Ball
2-1: Ball
3-1: Swinging Strike
3-2: Base on Balls
Juan Negrete to second
Batting: RHB Sinfronio Vitor 0-0: Called Strike
0-1: Ball
1-1: Fly out, F7 (Flyball, 7LMF)
Bottom of the 2nd over - 2 runs, 1 hit, 0 errors, 3 left on base; Northville 3 - Phoenix Hotspur 2
TOP OF THE 3RD
Northville Eclipse batting - Pitching for Phoenix Hotspur Youth : RHP Masahiro Sakei
Batting: SHB Quentin Harrop 0-0: Called Strike
0-1: Foul Ball, location: 2F
0-2: Ball
1-2: Strikes out swinging
Batting: LHB Arturo Gonzáles 0-0: Ball
1-0: Ball
2-0: Called Strike
2-1: Swinging Strike
2-2: Ground out 1-3 (Groundball, 13S)
Batting: LHB Kade Eagleton 0-0: Ball
1-0: Fly out, F3 (Line Drive, 3)
Top of the 3rd over - 0 runs, 0 hits, 0 errors, 0 left on base; Northville 3 - Phoenix Hotspur 2
BOTTOM OF THE 3RD
Phoenix Hotspur Youth batting - Pitching for Northville Eclipse : RHP Rizaldo Manansala
Batting: RHB Braylen Sampson 0-0: Ball
1-0: Swinging Strike
1-1: Ball
2-1: Ball
3-1: Ground out 5-3 (Groundball, 56)
Batting: LHB Tyler Kinjeketile 0-0: Ball
1-0: Called Strike
1-1: Ball
2-1: Called Strike
2-2: Ball
3-2: Strikes out swinging
Batting: LHB António Escalante 0-0: Called Strike
0-1: Ball
1-1: Ball
2-1: Foul Ball, location: 2F
2-2: Fly out, F7 (Flyball, 7LSF)
Bottom of the 3rd over - 0 runs, 0 hits, 0 errors, 0 left on base; Northville 3 - Phoenix Hotspur 2
TOP OF THE 4TH
Northville Eclipse batting - Pitching for Phoenix Hotspur Youth : RHP Masahiro Sakei
Batting: RHB Chang-lit Min 0-0: Ball
1-0: Ball
2-0: Foul Ball, location: 2F
2-1: Foul Ball, location: 2F
2-2: SINGLE (Groundball, 6D)
Batting: RHB Wallace Bane 0-0: Ball
1-0: Foul Ball, location: 2F
1-1: Ball
2-1: DOUBLE (Line Drive, 9D)
Chang-lit Min to third
Batting: LHB Marvello Obra 0-0: Ball
1-0: Swinging Strike
1-1: Fly out, F8 (Flyball, 8LM)
Runner from 3rd tags up, SCORES, throw made
Batting: RHB Sidney Mackell 0-0: Ball
1-0: Fly out, F8 (Line Drive, 8LM)
Batting: RHB Alfonso Grappasonni 0-0: Ball
1-0: Ball
2-0: Swinging Strike
2-1: Ground out 4-3 (Groundball, 4MD)
Top of the 4th over - 1 run, 2 hits, 0 errors, 1 left on base; Northville 4 - Phoenix Hotspur 2
BOTTOM OF THE 4TH
Phoenix Hotspur Youth batting - Pitching for Northville Eclipse : RHP Rizaldo Manansala
Batting: RHB José Souza 0-0: Ball
1-0: Ball
2-0: Fly out, F9 (Line Drive, 9LS)
Batting: RHB Bill Poole 0-0: Ball
1-0: Ball
2-0: Fly out, F7 (Flyball, 7LMF)
Batting: LHB Joseph Antoine 0-0: Foul Ball, location: 2F
0-1: Ball
1-1: Ball
2-1: Ball
3-1: Foul Ball, location: 2F
3-2: Foul Ball, location: 2F
3-2: Base on Balls
Batting: RHB Juan Negrete 0-0: Ball
1-0: Ball
2-0: Called Strike
2-1: Foul Ball, location: 2F
2-2: Ball
3-2: Foul Ball, location: 2F
3-2: Fly out, F8 (Line Drive, 8RM)
Bottom of the 4th over - 0 runs, 0 hits, 0 errors, 1 left on base; Northville 4 - Phoenix Hotspur 2
TOP OF THE 5TH
Northville Eclipse batting - Pitching for Phoenix Hotspur Youth : RHP Masahiro Sakei
Batting: LHB Lonnie Murray 0-0: Called Strike
0-1: Swinging Strike
0-2: Foul Ball, location: 2F
0-2: Foul Ball, location: 2F
0-2: Strikes out swinging
Batting: SHB Quentin Harrop 0-0: Ball
1-0: Foul Ball, location: 2F
1-1: Foul Ball, location: 2F
1-2: Ball
2-2: DOUBLE (Flyball, 89XD)
Batting: LHB Arturo Gonzáles 0-0: Fly out, F9 (Flyball, 89S)
Batting: LHB Kade Eagleton 0-0: Ball
1-0: Swinging Strike
1-1: Called Strike
1-2: Strikes out swinging
Top of the 5th over - 0 runs, 1 hit, 0 errors, 1 left on base; Northville 4 - Phoenix Hotspur 2
BOTTOM OF THE 5TH
Phoenix Hotspur Youth batting - Pitching for Northville Eclipse : RHP Rizaldo Manansala
Batting: LHB Damian Alldred 0-0: Ball
1-0: Ball
2-0: Called Strike
2-1: Foul Ball, location: 2F
2-2: Ground out 5-3 (Groundball, 5L)
Batting: RHB Sinfronio Vitor 0-0: Fly out, F7 (Flyball, 78D)
Batting: RHB Braylen Sampson 0-0: Foul Ball, location: 2F
0-1: Ball
1-1: SINGLE (Groundball, 4MD)
Batting: LHB Tyler Kinjeketile 0-0: Ball
1-0: Called Strike
1-1: Ball
2-1: Foul Ball, location: 2F
2-2: Ground out 4-3 (Groundball, 34D)
Bottom of the 5th over - 0 runs, 1 hit, 0 errors, 1 left on base; Northville 4 - Phoenix Hotspur 2
TOP OF THE 6TH
Northville Eclipse batting - Pitching for Phoenix Hotspur Youth : RHP Masahiro Sakei
Batting: RHB Chang-lit Min 0-0: Ball
1-0: Ball
2-0: Ball
3-0: Base on Balls
Batting: RHB Wallace Bane 0-0: Ball
1-0: Sac Bunt - play at first, batter OUT! 1-4
Chang-lit Min to second
Batting: LHB Marvello Obra 0-0: Intentional Walk
Batting: RHB Sidney Mackell 0-0: Ball
1-0: Fly out, F5 (Popup, 56S)
Batting: RHB Alfonso Grappasonni 0-0: Called Strike
0-1: Swinging Strike
0-2: Strikes out swinging
Top of the 6th over - 0 runs, 0 hits, 0 errors, 2 left on base; Northville 4 - Phoenix Hotspur 2
BOTTOM OF THE 6TH
Phoenix Hotspur Youth batting - Pitching for Northville Eclipse : RHP Rizaldo Manansala
Batting: LHB António Escalante 0-0: Swinging Strike
0-1: Foul Ball, location: 2F
0-2: Ball
1-2: Strikes out swinging
Batting: RHB José Souza 0-0: Ball
1-0: Fly out, F3 (Line Drive, 3L)
Batting: RHB Bill Poole 0-0: Ball
1-0: Ball
2-0: Swinging Strike
2-1: Foul Ball, location: 2F
2-2: Foul Ball, location: 2F
2-2: Strikes out swinging
Bottom of the 6th over - 0 runs, 0 hits, 0 errors, 0 left on base; Northville 4 - Phoenix Hotspur 2
TOP OF THE 7TH
Northville Eclipse batting - Pitching for Phoenix Hotspur Youth : RHP Masahiro Sakei
Batting: LHB Lonnie Murray 0-0: Foul Ball, location: 2F
0-1: Called Strike
0-2: Strikes out swinging
Batting: SHB Quentin Harrop 0-0: Called Strike
0-1: Foul Ball, location: 2F
0-2: SINGLE (Flyball, 7LM)
Batting: LHB Arturo Gonzáles 0-0: Called Strike
0-1: Called Strike
Quentin Harrop steals 2nd base
0-2: Strikes out looking
Batting: LHB Kade Eagleton 0-0: Called Strike
0-1: Swinging Strike
0-2: SINGLE (Line Drive, 34)
Quentin Harrop to third
Runner from 3rd tries for Home, SAFE, no throw
Batting: RHB Chang-lit Min 0-0: Swinging Strike
0-1: SINGLE (Groundball, 4MD)
Kade Eagleton to second
Pitching: LHP Cameron Roberts
Batting: RHB Wallace Bane 0-0: Foul Ball, location: 2F
0-1: Fielders Choice at 2nd, 6-4 (Groundball, 6)
Top of the 7th over - 1 run, 3 hits, 0 errors, 2 left on base; Northville 5 - Phoenix Hotspur 2
BOTTOM OF THE 7TH
Phoenix Hotspur Youth batting - Pitching for Northville Eclipse : RHP Rizaldo Manansala
Batting: LHB Joseph Antoine 0-0: Called Strike
0-1: Foul Ball, location: 2F
0-2: Ball
1-2: Ball
2-2: Foul Ball, location: 2F
2-2: Foul Ball, location: 2F
2-2: Foul Ball, location: 2F
2-2: SINGLE (Popup, 3D)
Pitching: RHP Kyle MacRae
Batting: RHB Juan Negrete 0-0: Ball
Joseph Antoine steals 2nd base
1-0: Called Strike
1-1: Foul Ball, location: 2F
1-2: Foul Ball, location: 2F
1-2: Ball
2-2: 2-RUN HOME RUN (Flyball, 7LD), Distance : 351 ft
Batting: LHB Damian Alldred 0-0: Ball
1-0: Called Strike
1-1: Foul Ball, location: 2F
1-2: Strikes out swinging
Batting: RHB Sinfronio Vitor 0-0: Called Strike
0-1: Ground out 5-3 (Groundball, 56)
Batting: RHB Braylen Sampson 0-0: Ball
1-0: Foul Ball, location: 2F
1-1: Foul Ball, location: 2F
1-2: Foul Ball, location: 2F
1-2: Strikes out looking
Bottom of the 7th over - 2 runs, 2 hits, 0 errors, 0 left on base; Northville 5 - Phoenix Hotspur 4
TOP OF THE 8TH
Northville Eclipse batting - Pitching for Phoenix Hotspur Youth : LHP Cameron Roberts
Batting: LHB Marvello Obra 0-0: Ball
1-0: Ball
2-0: Fly out, F8 (Flyball, 8RM)
Batting: RHB Sidney Mackell 0-0: Ground out 6-3 (Groundball, 6)
Batting: RHB Alfonso Grappasonni 0-0: Foul Ball, location: 2F
0-1: Ball
1-1: Ground out U3 (Groundball, 34)
Top of the 8th over - 0 runs, 0 hits, 0 errors, 0 left on base; Northville 5 - Phoenix Hotspur 4
BOTTOM OF THE 8TH
Phoenix Hotspur Youth batting - Pitching for Northville Eclipse : RHP Kyle MacRae
Batting: LHB Tyler Kinjeketile 0-0: Ball
1-0: Ball
2-0: Ball
3-0: Base on Balls
Batting: LHB António Escalante 0-0: Ball
1-0: Ball
2-0: Sac Bunt - play at first, batter OUT! 1-4
Tyler Kinjeketile to second
Batting: RHB José Souza 0-0: Foul Ball, location: 2F
0-1: Ball
1-1: Foul Ball, location: 2F
1-2: Foul Ball, location: 2F
1-2: Ground out 4-3 (Groundball, 4)
Tyler Kinjeketile to third
Batting: RHB Bill Poole 0-0: Called Strike
0-1: Fly out, F7 (Flyball, 78M)
Bottom of the 8th over - 0 runs, 0 hits, 0 errors, 1 left on base; Northville 5 - Phoenix Hotspur 4
TOP OF THE 9TH
Northville Eclipse batting - Pitching for Phoenix Hotspur Youth : LHP Cameron Roberts
Pitching: RHP Leon von Stroheim
Batting: LHB Lonnie Murray 0-0: Called Strike
0-1: DOUBLE (Line Drive, 9LM)
Batting: SHB Quentin Harrop 0-0: Called Strike
0-1: Ground out 6-3 (Groundball, 6)
Batting: LHB Arturo Gonzáles 0-0: Swinging Strike
0-1: Ball
1-1: Called Strike
1-2: Ground out 5-3 (Groundball, 56)
Batting: LHB Kade Eagleton 0-0: Fly out, F6 (Line Drive, 6)
Top of the 9th over - 0 runs, 1 hit, 0 errors, 1 left on base; Northville 5 - Phoenix Hotspur 4
BOTTOM OF THE 9TH
Phoenix Hotspur Youth batting - Pitching for Northville Eclipse : RHP Kyle MacRae
Pitching: RHP Vaugh Chesser
Batting: LHB Joseph Antoine 0-0: Ball
1-0: Called Strike
1-1: Ball
2-1: Ball
3-1: Foul Ball, location: 2F
3-2: Strikes out swinging
Batting: RHB Juan Negrete 0-0: Called Strike
0-1: Ball
1-1: Foul Ball, location: 2F
1-2: Foul Ball, location: 2F
1-2: Ball
2-2: Ground out 5-3 (Groundball, 56)
Batting: LHB Damian Alldred 0-0: Foul Ball, location: 2F
0-1: Ball
1-1: Ball
2-1: Ground out 1-3 (Groundball, 23)
Bottom of the 9th over - 0 runs, 0 hits, 0 errors, 0 left on base; Northville 5 - Phoenix Hotspur 4
Tuesday, June 12th, 2018 - OOTP Baseball 18.8 Build 76